Description

EDIT: Since Ghosts No longer start with cloak this build is now weaker - you can try it but you'll have to squeeze that cloak upgrade in

Nice sneaky ghost pressure into macro/2-base tank push as shown in the replay. If you can get stim finished on your barracks that's awesome, but it's a bit of a gamble as seen in this replay where it gets sniped.

Replay - TvP Proxy Ghost Pressure

Build Order

Get SALT Encoding   

  12  0:01  SCV  
  13  0:14  SCV  
  13  0:18  Supply Depot  
  14  0:26  SCV  
  15  0:30  Refinery  
  15  0:40  SCV  
  16  0:45  Barracks  
  16  0:52  SCV  
  17  1:04  SCV  
  18  1:16  SCV  
  19  1:31  SCV  
  20  1:39  Reaper  
  21  1:43  Orbital Command  
  21  1:54  Command Center  
  21  2:05  Barracks  
  21  2:10  SCV  
  21  2:14  Barracks Reactor  
  22  2:20  Supply Depot  
  22  2:22  SCV  
  23  2:31  Ghost Academy  
  23  2:42  Refinery  
  24  2:49  Marine x2  
  26  2:54  Barracks Tech Lab  
  26  3:07  Marine x2  
  26  3:08  Orbital Command  
  27  3:20  Ghost  
  30  3:28  Marine x2  
  30  3:31  Factory  
  31  3:47  Supply Depot  
  34  3:56  Ghost  
  34  3:58  Marine x2  
  41  4:18  Factory Tech Lab, Barracks  
  41  4:19  Supply Depot  
  43  4:33  Marine x2  
  43  4:35  Bunker  
  45  4:38  Starport  
  45  4:43  Ghost  
  47  4:54  Refinery  
  48  5:09  Supply Depot  
  48  5:10  Siege Tank  
  48  5:12  Barracks Tech Lab  
  56  5:33  Starport Reactor  
  60  5:39  Refinery  
  56  6:03  Marauder, Combat Shields  
  59  6:05  Siege Tank  
  59  6:09  Barracks x2  
  59  6:10  Marauder  
  66  6:23  Engineering Bay  
  66  6:40  Marauder  
  66  6:41  Medivac x2  
  66  6:44  Barracks  
  72  6:51  Terran Infantry Weapons Level 1  
  71  7:07  Barracks Tech Lab, Barracks Reactor  
  71  7:14  Medivac x2  
  75  7:16  Siege Tank  
  75  7:22  Stimpack  
  80  7:38  Marauder  
  80  7:39  Barracks Tech Lab, Concussive Shells  
  84  7:45  Marauder  
  88  7:54  Medivac x2, Siege Tank  
  97  7:59  Marauder x2  
  102  8:17  Marauder x2  
  106  8:23  Marauder  
  113  8:43  Siege Tank  
  116  9:15  Siege Tank  
  106  9:24  Medivac  
  99  9:46  Liberator  
  99  9:47  Siege Tank  
  107  9:58  Terran Infantry Armor Level 1  
Spawning Tool Build Advisor. Get it on Overwolf

Go to:

Details

  • Created by: PiG      
  • Published on: Jan 14, 2018
  • Modified on: Feb 08, 2018
  • Patch: 4.0.0
Show
View Real Time Build Order
Export as new Build Order

Comments (2)

On Feb. 8, 2018, 1:54 a.m., PiG  said:

Little weaker now, have to squeeze the cloak upgrade in, otherwise execute it just the same

On Feb. 6, 2018, 4:34 p.m., Elekris  said:

Could this build still work with the cloak upgrade now? If so how?

Create an account to comment!